 Dungeon Crawl Stone Soup version 0.19-a0-1852-gc11d922 (webtiles) character file.

569688 Geomchi the Acrobat (level 25, -5/172 HPs)
             Began as a Deep Elf Fire Elementalist on Oct 10, 2016.
             Was the Champion of Vehumet.
             Killed from afar by a purple draconian monk (40 damage)
             ... with a bolt of dispelling energy
             ... on level 2 of the Realm of Zot on Oct 11, 2016.
             The game lasted 02:45:58 (76395 turns).

Geomchi the Acrobat (Deep Elf Fire Elementalist)   Turns: 76395, Time: 02:45:58

Health: -5/172     AC: 13    Str:  5    XL:     25   Next: 60%
Magic:  4/49       EV: 29    Int: 35    God:    Vehumet [******]
Gold:   868        SH:  6    Dex: 15    Spells: 12 memorised, 1 level left

rFire  + + .     SeeInvis .     s - staff of conjuration
rCold  . . .     Gourm    .     S - +2 robe {Archmagi}
rNeg   . . .     Faith    .     M - +1 buckler {AC+3}
rPois  +         Spirit   .     (helmet restricted)
rElec  .         Dismiss  .     a - +1 cloak of a sewer {rPois rF+ Int+2}
rCorr  .         Reflect  .     F - +0 pair of gloves
MR     ++...     Harm     .     Z - +2 pair of boots {run}
Stlth  ++........               t - amulet of Vitality {Regen+ HP+15}
                                l - ring of protection from cold
                                p - ring of fire

@: slowed, very slow
A: horns 1
a: Renounce Religion
}: 3/15 runes: decaying, silver, gossamer


You were on level 2 of the Realm of Zot.
You worshipped Vehumet.
Vehumet was exalted by your worship.
You were very hungry.

You visited 10 branches of the dungeon, and saw 45 of its levels.
You visited 1 bazaar.

You collected 6888 gold pieces.
You spent 6020 gold pieces at shops.

Inventory:

Hand Weapons
 x - the +9 staff of Olgreb {rPois}
   (You found it on level 6 of the Dungeon)

   It protects you from poison.
Armour
 a - the +1 cloak of a sewer (worn) {rPois rF+ Int+2}
   (You found it on level 2 of the Vaults)

   It affects your intelligence (+2).
   It protects you from fire.
   It protects you from poison.
 d - a +2 helmet
 F - a +0 pair of gloves (worn)
 M - a +1 buckler of protection (worn)
 S - a +2 robe of the Archmagi (worn)
 Z - a +2 pair of boots of running (worn)
Magical Staves
 s - an uncursed staff of conjuration (weapon)
Jewellery
 e - an uncursed ring of see invisible
 l - a ring of protection from cold (right hand)
 p - a ring of fire (left hand)
 t - the amulet of Vitality (around neck) {Regen+ HP+15}
   (You found it on level 9 of the Dungeon)

   [amulet of regeneration]

   It affects your health (+15).
   It increases your rate of regeneration.
 u - an uncursed ring of resist corrosion
 J - an uncursed ring of protection from magic
 O - an uncursed amulet of magic regeneration
 X - the amulet "Vaidaoqi" {Inacc rPois, unknown}
   (You found it on level 5 of the Vaults)

   [amulet of inaccuracy]

   It reduces the accuracy of all your attacks.
   It protects you from poison.
 Y - an uncursed ring of protection from fire
Wands
 v - a wand of acid (9/15)
 D - a wand of digging (15/24)
 K - a wand of disintegration (2/24)
Scrolls
 f - 29 scrolls of remove curse
 h - 4 scrolls of amnesia
 j - 7 scrolls of enchant armour
 n - 3 scrolls of identify
 o - 5 scrolls of magic mapping
 r - 2 scrolls of fear
 w - 12 scrolls of recharging
 y - 12 scrolls of enchant weapon
 B - a scroll of acquirement
 E - 6 scrolls of fog
 G - 2 scrolls of summoning
 I - 6 scrolls of blinking
 T - 7 scrolls of teleportation
Potions
 b - 2 potions of cancellation
 g - 8 potions of magic
 i - 4 potions of invisibility
 m - 5 potions of heal wounds
 z - 24 potions of curing
 C - 6 potions of cure mutation
 H - 3 potions of haste
 L - 2 potions of flight
 N - 3 potions of agility
 P - 12 potions of ambrosia
 Q - 8 potions of brilliance
 R - 2 potions of resistance
 U - 2 potions of might
Books
 W - a book of Clouds

   Spells                             Type                      Level
   a - Mephitic Cloud                 Conjuration/Poison/Air       3
   b - Conjure Flame                  Conjuration/Fire             3
   c - Poisonous Cloud                Conjuration/Poison/Air       6
   d - Freezing Cloud                 Conjuration/Ice/Air          6
   e - Ring of Flames                 Charms/Fire                  7
Miscellaneous
 A - 2 phantom mirrors
Comestibles
 c - 29 bread rations {@e1}
 k - 22 meat rations {@e2}
 q - 20 fruits
 V - a chunk of flesh {@w0}


   Skills:
 - Level 16.0 Fighting
 - Level 22.1 Dodging
 - Level 2.4 Stealth
 - Level 4.3 Shields
 - Level 20.5 Spellcasting
 - Level 20.0 Conjurations
 - Level 20.0 Fire Magic
 + Level 11.6 Ice Magic
 - Level 20.5 Earth Magic


You had one spell level left.
You knew the following spells:

 Your Spells              Type           Power        Failure   Level  Hunger
a - Flame Tongue          Conj/Fire      #####        0%          1    None
d - Orb of Destruction    Conj           #########.   1%          7    None
e - Blink                 Tloc           N/A          1%          2    None
f - Fireball              Conj/Fire      #########.   0%          5    None
g - Repel Missiles        Chrm/Air       ######       1%          2    None
h - Bolt of Fire          Conj/Fire      #########.   1%          6    None
i - Shatter               Erth           ########..   4%          9    #####..
j - Fire Storm            Conj/Fire      #########.   4%          9    #####..
m - Iskenderun's Battles  Conj/Chrm      ########     1%          5    None
n - Magic Dart            Conj           ####         0%          1    None
x - Lehudib's Crystal Sp  Conj/Erth      #########.   1%          8    ####...
z - Glaciate              Conj/Ice       ########..   45%         9    #####..


Dungeon Overview and Level Annotations

Branches:
Dungeon (15/15)            Temple (1/1) D:4            Lair (6/6) D:9
  Swamp (4/4) Lair:4       Spider (4/4) Lair:3        Slime (0/5) Lair:6
    Orc (2/2) D:11            Elf (0/3) Orc:2        Vaults (5/5) D:14
  Crypt (0/3) Vaults:2     Depths (5/5) D:15           Hell (1/1)
    Zot (2/5) Depths:5
    Dis: Hell:1         Geh: Hell:1         Coc: Hell:1         Tar: Hell:1

Altars:
Ashenzari
Cheibriados
Dithmenos
Elyvilon
Fedhas
Gozag
Hepliaklqana
Kikubaaqudgha
Makhleb
Nemelex Xobeh
Okawaru
Qazlal
Ru
Sif Muna
Trog
Uskayaw
Vehumet
Xom
Yredelemnul
Zin
The Shining One
Jiyva
Lugonu

Shops:
D:5 [:?!%   D:7 *   D:12 (   Orc:1 *   Orc:2 ((:%?   Vaults:2 [   Vaults:5 ?!!
Depths:2 }(   Depths:3 %![*   Depths:4 ?

Portals:
Hell: Depths:1 Depths:2 Depths:3 Depths:4 Depths:5
Abyss: Depths:3 Depths:4 Depths:5
Pandemonium: Orc:2 Depths:1 Depths:3
Ziggurat: Depths:2
Trove: Vaults:3 (give horn of Geryon)

Annotations:
D:4 Cirk's ghost, novice HEGl
D:6 1 runed door
Hell Geryon


Innate Abilities, Weirdness & Mutations

You have a pair of small horns on your head.


Message History

A red draconian comes into view. It is wielding a scimitar.
You take 28 damage, and have 45/172 hp.
Okay, then.
Okay, then.
You feel a surge of power!
You blink.
A human comes into view. It is wielding a club.
The golden dragon bites you.
* * * LOW HITPOINT WARNING * * *
The golden dragon misses you.
The golden dragon tramples you but does no damage.
The moth of wrath misses you. The black draconian misses you.
The human completely misses you. The golden dragon closely misses you.
The golden dragon claws you.
* * * LOW HITPOINT WARNING * * *
The golden dragon barely misses you.
The purple draconian monk breathes dispelling energy at you.
The bolt of dispelling energy hits you!
You feel strangely stable.
Your magical effects are unravelling.
You die...

≈≈≈≈≈≈≈≈≈≈**#.,........#,,,,,,,,,
≈≈≈≈≈≈≈§≈≈≈≈,/.#........,,,,**+**
≈≈≈≈≈≈≈≈≈≈≈.##.#........,,,**+++*
≈≈≈≈≈§≈§≈..#.#.#....#...,,**,,,,,
≈≈≈≈≈§≈≈≈..........#....,**,,,,,,
≈≈≈≈≈≈≈§.$....##........**,,,,,,,
≈≈≈≈≈≈≈........y§#.....#*,,,,,,,,
≈≈≈≈≈,......†..Ddp....#*,,,,,,,,,
≈≈≈,,,.......<.y@#...##,,,,,,,,,,
,*,,,,..............##,,,,,,,,,,,
,,,,,,....#.........../.,,,,,,,,,
*,,,,,....d.#......p.#p.,,,,,,,,,
*,,,,,....#..........#*.,,,,,,,,,
*,,,,,,..,#q..........#*,,,,,,,,,
,,,,,,,.,.dp...........#*,,,,,,,,
,,,,,,,,,......###......**,,,,,,,
,,,,,,,,.p......,,....,,,**,,,,,,


You could see a Killer Klown, a purple draconian monk, a golden dragon
(berserk), a black draconian (berserk), 2 draconians, 2 moths of wrath and 3
humans.

Vanquished Creatures
  Mennas (Depths:5)
  Boris (twice) (Vaults:3 Depths:3)
  Bai Suzhen (Depths:2)
  Margery (Depths:3)
  4 caustic shrikes (Depths:5)
  3 golden dragons
  A bone dragon (Depths:5)
  Nikola (Spider:3)
  4 tentacled monstrosities
  6 liches
  Rupert (D:15)
  2 electric golems (Zot:1)
  A hellephant (Hell)
  10 titans
  3 deep elf blademasters (Depths:2)
  2 quicksilver dragons
  An acid blob (Depths:1)
  3 death cobs
  A sphinx (Vaults:4)
  2 ancient champions (Hell)
  6 storm dragons
  6 tengu reavers
  2 thorn hunters (Swamp:4)
  Donald (Swamp:1)
  The ghost of Psiweapon the Spry, an adept MiGl of Dithmenos (Swamp:2)
  A daeva (Depths:4)
  11 shadow dragons
  A draconian monk (Zot:1)
  5 azure jellies (Depths:1)
  5 draconian knights (Zot:1)
  10 frost giants
  8 fire giants
  A deep elf sorcerer (Vaults:4)
  The ghost of Psiweapon the Tortoise, a journeyman MiMo of Ashenzari (Swamp:3)
  11 vault wardens
  Aizul (Swamp:1)
  6 draconian zealots
  4 emperor scorpions
  2 ghouls
  4 draconian scorchers
  2 orc warlords (Depths:3)
  2 draconian shifters
  Louise (Depths:5)
  2 juggernaut zombies
  7 ghost moths
  2 balrugs
  15 ironheart preservers
  7 war gargoyles
  A reaper (Hell)
  19 very ugly things
  2 draconian annihilators (Zot:1)
  2 draconian callers (Zot:1)
  20 stone giants
  2 black draconians (Zot:1)
  8 entropy weavers
  An entropy weaver (shapeshifter) (D:14)
  2 vampire knights
  8 green draconians
  6 yellow draconians
  A deep elf annihilator (Vaults:5)
  5 red draconians
  5 mottled draconians (Zot:1)
  5 white draconians
  A deep elf demonologist (Vaults:3)
  8 spark wasps
  4 purple draconians (Zot:1)
  3 deep elf death magi
  Snorg (Orc:1)
  3 crystal guardians
  A merfolk javelineer (Depths:1)
  15 fire dragons
  A fire dragon (shapeshifter) (Vaults:4)
  3 death oozes (Depths:1)
  12 yaktaur captains
  29 ettins
  A small abomination (Vaults:4)
  16 great orbs of eyes
  2 deep elf high priests
  21 hydras
  Fannar (Lair:2)
  A caustic shrike simulacrum (Depths:1)
  2 spriggan air magi
  38 vault guards
  The ghost of gooseman the Cleaver, a journeyman HOAK of Lugonu (D:9)
  11 ice dragons
  6 rakshasas
  3 ghost crabs
  A hydra (shapeshifter) (Depths:1)
  Erica (D:8)
  9 centaur warriors
  4 death knights
  15 ogre magi
  A catoblepas (Lair:2)
  A catoblepas (shapeshifter) (D:15)
  A merfolk avatar (Lair:6)
  11 alligators
  5 tengu warriors
  8 deep troll shamans
  8 deep troll earth magi
  7 hell hogs (Hell)
  A queen ant (Lair:2)
  3 vampire magi
  2 soul eaters
  6 spriggan berserkers
  9 deep elf knights
  Urug (D:15)
  An iron golem (Hell)
  7 orc high priests
  6 spriggans
  3 sun demons
  Sonja (D:15)
  7 iron trolls
  A shadow wraith (Vaults:3)
  20 hell knights
  A fire crab (shapeshifter) (Vaults:4)
  A death drake (shapeshifter) (Vaults:3)
  12 skeletal warriors
  4 spriggan druids
  A torturous demonspawn (Orc:2)
  12 swamp dragons
  3 glowing orange brains
  32 deep trolls
  A spark wasp zombie (Depths:3)
  A swamp dragon (shapeshifter) (Depths:3)
  7 unseen horrors
  An infernal demonspawn (Orc:2)
  3 flayed ghosts
  9 wizards
  7 deep elf archers
  14 orc knights
  6 harpies
  4 phantasmal warriors
  16 ironbrand convokers
  49 ugly things
  11 necromancers
  24 orb spiders
  A stone giant zombie (Vaults:5)
  19 deep elf magi
  5 hill giants
  7 manticores
  10 moths of wrath
  36 wolf spiders
  8 orc sorcerers
  5 cyclopes
  4 human zombies
  A fire giant zombie (Depths:3)
  A shining eye (shapeshifter) (Vaults:4)
  A cyclops (shapeshifter) (Vaults:3)
  7 black mambas
  3 salamanders (Depths:4)
  A smoke demon (Orc:2)
  9 elephants
  A guardian serpent (shapeshifter) (Vaults:1)
  A water nymph (shapeshifter) (Vaults:5)
  A stone giant skeleton (Depths:1)
  Maurice (D:12)
  A gargoyle (Depths:3)
  A torpor snail (Lair:6)
  9 rust devils (Hell)
  A frost giant skeleton (Depths:2)
  15 vault sentinels
  An elf skeleton (Depths:2)
  An eye of devastation (shapeshifter) (Vaults:4)
  A rime drake (shapeshifter) (Vaults:5)
  2 spriggan zombies
  17 spiny frogs
  7 rime drakes
  70 yaktaurs
  10 komodo dragons
  14 freezing wraiths
  6 ice devils (Hell)
  An efreet (D:15)
  A red devil (Depths:4)
  21 demonic crawlers
  A queen bee (shapeshifter) (Vaults:3)
  6 tengu conjurers
  33 jumping spiders
  9 trolls
  35 two-headed ogres
  3 meliai (D:15)
  3 polar bears (Lair:6)
  22 hornets
  36 slime creatures
  2 wind drakes (Lair:6)
  2 ettin zombies
  6 bog bodies
  2 wind drakes (shapeshifter)
  A meliai zombie (D:11)
  2 stone giant simulacra (Vaults:2)
  13 hippogriffs
  A dream sheep (shapeshifter) (Vaults:4)
  14 blink frogs
  A blink frog (shapeshifter) (Depths:3)
  3 dream sheep
  10 tyrant leeches
  A raiju (shapeshifter) (Vaults:2)
  2 air elementals (Depths:3)
  3 wraiths
  39 tarantellas
  A water elemental (Depths:3)
  3 spriggans (shapeshifter)
  A spriggan simulacrum (Depths:2)
  2 human simulacra
  6 vampires
  2 shadows
  7 wyverns
  41 yaks
  60 redbacks
  A tarantella (shapeshifter) (Vaults:4)
  A spriggan skeleton (Depths:2)
  2 fire elementals
  2 humans (Depths:3)
  5 basilisks
  Eustachio (D:5)
  A neqoxec (Orc:2)
  15 vampire mosquitoes
  A steam dragon (shapeshifter) (Vaults:2)
  2 steam dragons
  13 soldier ants
  27 insubstantial wisps
  A mottled dragon (D:12)
  27 swamp worms
  26 water moccasins
  16 wargs
  5 hell hounds (Hell)
  8 porcupines
  7 sky beasts
  22 swamp drakes
  36 orc warriors
  11 ice beasts
  An eye of draining (D:11)
  A slave (Depths:3)
  An ettin simulacrum (Depths:1)
  A necrophage (D:6)
  A phantom (D:4)
  13 wolves
  47 ogres
  10 boggarts
  17 centaurs
  14 crocodiles
  5 big kobolds
  19 bullfrogs
  2 human skeletons
  3 scorpions
  15 killer bees
  2 spectral wolves (Depths:3)
  A wight (Vaults:2)
  6 howler monkeys (D:12)
  A bullfrog zombie (D:10)
  7 crimson imps
  A quasit (Depths:3)
  3 centaur zombies
  6 hounds
  9 jellies
  4 bullfrog skeletons
  27 orc priests
  6 centaur skeletons
  7 iguanas
  25 orc wizards
  29 worker ants
  2 hound zombies
  2 hound skeletons
  A howler monkey skeleton (D:7)
  10 adders
  2 shadow imps
  19 oozes
  An adder zombie (D:11)
  4 worms
  4 dart slugs
  9 leopard geckos
  126 orcs
  2 ball pythons
  7 giant cockroaches
  7 goblins
  7 hobgoblins
  13 jackals
  A quokka (D:3)
  9 bats
  7 frilled lizards
  20 kobolds
  A leopard gecko skeleton (D:5)
  4 rats
  A briar patch (Swamp:4)
  A crawling corpse (Vaults:4)
  3 fire vortices
  A plant (D:12)
2257 creatures vanquished.

Vanquished Creatures (collateral kills)
  A quicksilver dragon (Zot:1)
  An acid blob (Depths:1)
  A ghost moth (Spider:3)
  A spark wasp (Spider:4)
  A red draconian (Zot:1)
  2 wolf spiders (Spider:4)
  2 ugly things (Vaults:1)
  An iron dragon skeleton (Depths:2)
  A moth of wrath (Zot:1)
  A jumping spider (Spider:4)
  2 slime creatures (Depths:1)
  A redback (Spider:4)
  A crawling corpse (Vaults:4)
16 creatures vanquished.

Vanquished Creatures (others)
  A swamp worm (Swamp:3)
  An orc wizard (Vaults:4)
  A briar patch (Swamp:4)
  A bush (Lair:6)
  134 fire vortices
  19 fungi
  14 plants
171 creatures vanquished.

Grand Total: 2444 creatures vanquished

Notes
Turn   | Place    | Note
-------+----------+-------------------------------------------
     0 | D:1      | Geomchi the Deep Elf Fire Elementalist began the quest for the Orb.
     0 | D:1      | Reached XP level 1. HP: 10/10 MP: 6/6
   456 | D:1      | Reached XP level 2. HP: 15/15 MP: 5/8
  1079 | D:1      | Reached XP level 3. HP: 19/19 MP: 3/10
  1421 | D:2      | Found a burning altar of Makhleb.
  1647 | D:2      | Reached XP level 4. HP: 16/24 MP: 3/12
  1653 | D:2      | Learned a level 4 spell: Sticky Flame
  2559 | D:3      | Found a blossoming altar of Fedhas.
  2693 | D:3      | Found a sparkling altar of Nemelex Xobeh.
  3181 | D:4      | Noticed Cirk's ghost (novice HEGl)
  3191 | D:3      | Reached XP level 5. HP: 28/28 MP: 5/13
  3976 | D:5      | Entered Level 5 of the Dungeon
  3991 | D:5      | Found a glowing silver altar of Zin.
  4028 | D:5      | Noticed an ogre
  4052 | D:5      | Killed an ogre
  4052 | D:5      | Reached skill level 5 in Spellcasting
  4052 | D:5      | Reached XP level 6. HP: 22/32 MP: 1/15
  4072 | D:5      | Noticed Eustachio
  4382 | D:4      | Found a staircase to the Ecumenical Temple.
  4388 | Temple   | Entered the Ecumenical Temple
  4498 | D:4      | Reached skill level 5 in Conjurations
  4501 | D:4      | Reached skill level 5 in Fire Magic
  4801 | D:4      | Learned a level 3 spell: Conjure Flame
  5071 | D:5      | Killed Eustachio
  5071 | D:5      | Reached XP level 7. HP: 30/36 MP: 8/18
  5361 | D:5      | Learned a level 5 spell: Fireball
  5401 | D:5      | Found Tytyotan's Distillery.
  5408 | D:5      | Found Zemegami's Magic Scroll Emporium.
  5410 | D:5      | Bought a potion of curing for 36 gold pieces
  5410 | D:5      | Bought a potion of heal wounds for 60 gold pieces
  5414 | D:5      | Bought a scroll of identify for 24 gold pieces
  5414 | D:5      | Bought a scroll of identify for 24 gold pieces
  5414 | D:5      | Bought a scroll of identify for 24 gold pieces
  5604 | D:5      | Found Niudisuc's Book Shoppe.
  5834 | D:5      | Found Humowk's Food Shop.
  6024 | D:4      | Found an iron altar of Okawaru.
  6409 | D:4      | Found a bloodstained altar of Trog.
  6414 | D:4      | Found a hide-covered altar of Uskayaw.
  6414 | D:4      | Found a white marble altar of Elyvilon.
  6414 | D:4      | Found a hazy altar of Hepliaklqana.
  6424 | D:4      | Reached XP level 8. HP: 41/41 MP: 13/21
  6426 | D:4      | Found a deep blue altar of Sif Muna.
  6427 | D:4      | Found a shattered altar of Ashenzari.
  6608 | D:5      | Found Rexyhan's Armour Boutique.
  7145 | D:5      | Got an iridescent rapier
  7146 | D:5      | Identified the cursed +1 rapier of Ru's Supremacy {pain, +Rage rF- rN+++ Dex-5} (You found it on level 5 of the Dungeon)
  7289 | D:6      | Found a runed door.
  7291 | D:6      | Found a runed gate.
  7299 | D:6      | Found a runed door.
  7482 | D:6      | Found a radiant altar of Vehumet.
  7594 | D:6      | Became a worshipper of Vehumet
  7837 | D:6      | Found a runed gate.
  7870 | D:6      | Found a runed gate.
  7896 | D:6      | Reached XP level 9. HP: 45/45 MP: 15/24
  8355 | D:6      | Reached skill level 3 in Dodging
  8616 | D:5      | Reached skill level 4 in Dodging
  8803 | D:6      | Reached skill level 10 in Spellcasting
  9138 | D:6      | Reached skill level 5 in Dodging
  9144 | D:6      | Reached * piety under Vehumet
  9144 | D:6      | Offered knowledge of Sandblast by Vehumet.
  9793 | D:7      | Found an opulent altar of Gozag.
  9824 | D:7      | Reached XP level 10. HP: 46/50 MP: 5/26
 10328 | D:7      | Found Nanique's Assorted Antiques.
 10448 | D:7      | Reached skill level 6 in Dodging
 10828 | D:8      | Noticed Erica
 11514 | D:9      | Offered knowledge of Magic Dart by Vehumet.
 11537 | D:9      | Reached ** piety under Vehumet
 11537 | D:9      | Reached skill level 7 in Dodging
 11772 | D:8      | Learned a level 1 spell: Magic Dart
 11948 | D:9      | Found an ancient bone altar of Kikubaaqudgha.
 12085 | D:9      | Noticed gooseman's ghost (journeyman HOAK)
 12101 | D:8      | Killed Erica
 12101 | D:8      | Reached skill level 1 in Fighting
 12587 | D:9      | Killed gooseman's ghost
 12587 | D:9      | Reached skill level 8 in Dodging
 12865 | D:9      | Reached skill level 10 in Conjurations
 12975 | D:9      | Offered knowledge of Mephitic Cloud by Vehumet.
 13100 | D:9      | Found a staircase to the Lair.
 13246 | Lair:1   | Entered Level 1 of the Lair of Beasts
 13456 | Lair:1   | Noticed a spiny frog
 13461 | Lair:1   | Killed a spiny frog
 13461 | Lair:1   | Reached XP level 11. HP: 60/60 MP: 22/28
 13534 | Lair:1   | Reached skill level 9 in Dodging
 14250 | Lair:1   | Reached skill level 10 in Fire Magic
 14376 | Lair:2   | Noticed Fannar
 14800 | Lair:2   | Killed Fannar
 14955 | Lair:1   | Reached skill level 10 in Dodging
 15133 | Lair:2   | Reached *** piety under Vehumet
 15382 | Lair:2   | Reached skill level 5 in Fighting
 15744 | Lair:2   | Noticed a queen ant
 15763 | Lair:2   | Killed a queen ant
 15885 | Lair:2   | Offered knowledge of Force Lance by Vehumet.
 15940 | Lair:2   | Reached skill level 11 in Dodging
 15960 | Lair:2   | Noticed a catoblepas
 16053 | Lair:1   | Reached XP level 12. HP: 68/68 MP: 1/29
 16647 | Lair:2   | Reached **** piety under Vehumet
 16805 | Lair:2   | Reached skill level 1 in Shields
 16979 | Lair:2   | Offered knowledge of Iskenderun's Battlesphere by Vehumet.
 16986 | Lair:2   | Learned a level 5 spell: Iskenderun's Battlesphere
 17145 | Lair:2   | Killed a catoblepas
 17756 | Lair:3   | Reached skill level 12 in Dodging
 17857 | Lair:3   | Got a scorched diamond amulet
 18113 | Lair:3   | Found a hole to the Spider Nest.
 18289 | Lair:3   | Noticed a four-headed hydra
 18294 | Lair:3   | Killed a four-headed hydra
 19028 | Lair:4   | Identified the amulet of Pujeqese {+Inv Regen+ Str+6 Dex-4} (You found it on level 3 of the Lair of Beasts)
 19473 | Lair:4   | Noticed a seven-headed hydra
 19479 | Lair:4   | Killed a seven-headed hydra
 19479 | Lair:4   | Reached ***** piety under Vehumet
 19479 | Lair:4   | Offered knowledge of Bolt of Draining by Vehumet.
 19920 | Lair:4   | Found a staircase to the Swamp.
 20079 | Lair:4   | Reached skill level 13 in Dodging
 20150 | Lair:4   | Reached XP level 13. HP: 78/78 MP: 19/30
 21746 | Lair:6   | Entered Level 6 of the Lair of Beasts
 23274 | Lair:6   | Found a staircase to the Slime Pits.
 24126 | Lair:6   | Reached XP level 14. HP: 84/84 MP: 20/31
 24311 | Lair:6   | Offered knowledge of Fulminant Prism by Vehumet.
 24905 | D:10     | Entered Level 10 of the Dungeon
 25978 | D:11     | Found a staircase to the Orcish Mines.
 26064 | D:11     | Found a frozen archway.
 27248 | Orc:1    | Entered Level 1 of the Orcish Mines
 27797 | Orc:1    | Found Hymeuwi's Assorted Antiques.
 27807 | Orc:1    | Bought a scroll of blinking for 187 gold pieces
 27833 | Orc:1    | Offered knowledge of Freezing Cloud by Vehumet.
 27960 | Orc:2    | Entered Level 2 of the Orcish Mines
 28011 | Orc:2    | Noticed a stone giant
 28029 | Orc:2    | Killed a stone giant
 28431 | Orc:2    | Found a staircase to the Elven Halls.
 29436 | Orc:2    | Found Momidd's Magic Scroll Shop.
 29438 | Orc:2    | Found Sivod's Food Boutique.
 29755 | Orc:2    | Offered knowledge of Spellforged Servitor by Vehumet.
 30474 | Orc:1    | Noticed Snorg
 30480 | Orc:1    | Killed Snorg
 30662 | Orc:2    | Found Quus's Antique Weapon Boutique.
 31304 | Orc:2    | Found Bapedudo's Antique Weapon Shoppe.
 31304 | Orc:2    | Found a one-way gate leading to the halls of Pandemonium.
 31304 | Orc:2    | Found Ziteocke's Book Emporium.
 31308 | Orc:2    | Bought a book of Fire for 780 gold pieces
 31308 | Orc:2    | Bought a book of Minor Magic for 240 gold pieces
 31311 | Orc:2    | Learned a level 2 spell: Blink
 31318 | Orc:2    | Learned a level 6 spell: Bolt of Fire
 31321 | Orc:2    | Learned a level 2 spell: Repel Missiles
 31601 | D:12     | Reached XP level 15. HP: 89/89 MP: 26/34
 31792 | D:12     | Noticed Maurice
 31793 | D:12     | Killed Maurice
 32315 | D:12     | Found Wanlu's Antique Weapon Shoppe.
 32566 | D:12     | Identified a scroll of acquirement
 32617 | D:12     | Identified the Papyrus of Conjuration
 33089 | D:13     | Offered knowledge of Ozocubu's Refrigeration by Vehumet.
 33764 | D:14     | Reached skill level 15 in Conjurations
 34242 | D:14     | Reached skill level 15 in Fire Magic
 34333 | D:14     | Found a gate to the Vaults.
 35081 | D:14     | Learned a level 7 spell: Orb of Destruction
 35177 | D:15     | Entered Level 15 of the Dungeon
 35282 | D:15     | Noticed Rupert
 35288 | D:15     | Killed Rupert
 35537 | D:15     | Found a staircase to the Depths.
 35567 | D:15     | Noticed Urug
 35571 | D:15     | Killed Urug
 36626 | D:15     | Noticed Sonja
 36629 | D:15     | Killed Sonja
 37092 | Lair:2   | Offered knowledge of Iron Shot by Vehumet.
 37096 | Lair:2   | Reached XP level 16. HP: 94/94 MP: 29/36
 37182 | Swamp:1  | Entered Level 1 of the Swamp
 37370 | Swamp:1  | Noticed Aizul
 37378 | Swamp:1  | Killed Aizul
 38667 | Swamp:2  | Noticed Psiweapon's ghost (adept MiGl)
 38716 | Swamp:1  | Noticed Donald
 39012 | Swamp:1  | Killed Donald
 39012 | Swamp:1  | Reached skill level 15 in Spellcasting
 39094 | Swamp:2  | Killed Psiweapon's ghost
 39965 | Swamp:2  | Offered knowledge of Conjure Ball Lightning by Vehumet.
 40181 | Swamp:3  | Noticed Psiweapon's ghost (journeyman MiMo)
 40800 | Swamp:3  | Got a fine shield
 40801 | Swamp:3  | Identified the +0 shield "Saisacle" {-Cast rF+++ Slay+5} (You found it on level 3 of the Swamp)
 40956 | Swamp:3  | Killed Psiweapon's ghost
 41633 | Swamp:4  | Entered Level 4 of the Swamp
 41648 | Swamp:4  | Noticed a thorn hunter
 41653 | Swamp:4  | Killed a thorn hunter
 42137 | Swamp:4  | Reached XP level 17. HP: 90/99 MP: 16/38
 42687 | Swamp:4  | Reached ****** piety under Vehumet
 42687 | Swamp:4  | Offered knowledge of Fire Storm by Vehumet.
 42687 | Swamp:4  | Offered knowledge of Glaciate by Vehumet.
 42687 | Swamp:4  | Offered knowledge of Tornado by Vehumet.
 42946 | Swamp:4  | Got a decaying rune of Zot
 43336 | Spider:1 | Entered Level 1 of the Spider Nest
 43351 | Spider:1 | Learned a level 9 spell: Fire Storm
 46981 | Spider:3 | Reached XP level 18. HP: 104/104 MP: 36/40
 47023 | Spider:3 | Noticed Nikola
 47027 | Spider:3 | Killed Nikola
 47799 | Spider:4 | Entered Level 4 of the Spider Nest
 49743 | Spider:4 | Got a gossamer rune of Zot
 50069 | Vaults:1 | Entered Level 1 of the Vaults
 50071 | Vaults:1 | Upgraded the game from 0.19-a0-1850-g63fd1ff to 0.19-a0-1852-gc11d922
 51443 | Vaults:1 | Reached skill level 14 in Dodging
 52097 | Vaults:2 | Reached XP level 19. HP: 108/108 MP: 28/43
 52146 | Vaults:2 | Found Nis Dips's Armour Shop.
 52602 | Vaults:2 | Got a bloodstained cloak
 52613 | Vaults:2 | Identified the +1 cloak of a sewer {rPois rF+ Int+2} (You found it on level 2 of the Vaults)
 53134 | Vaults:2 | Found a staircase to the Crypt.
 53539 | Vaults:3 | Noticed Boris
 53549 | Vaults:3 | Killed Boris
 53553 | Vaults:3 | Found a portal to a secret trove of treasure.
 53675 | Vaults:2 | Reached skill level 15 in Dodging
 53936 | Vaults:3 | Found a flickering gateway to a bazaar.
 53959 | Bazaar   | Entered a bazaar
 54020 | Bazaar   | Found Zaluilaf's Book Shop.
 54035 | Bazaar   | Found Emurr's Food Boutique.
 54049 | Bazaar   | Found Qaelum's Assorted Antiques.
 54063 | Bazaar   | Found Ymejo's Food Boutique.
 54077 | Bazaar   | Found Owalem's Armour Shop.
 54091 | Bazaar   | Found Yjiastre's Food Boutique.
 54105 | Bazaar   | Found Guyjinn's Book Shop.
 54211 | Bazaar   | Bought a book of the Earth for 1040 gold pieces
 54221 | Bazaar   | Learned a level 9 spell: Shatter
 54246 | Bazaar   | Bought a potion of heal wounds for 140 gold pieces
 54246 | Bazaar   | Bought a scroll of blinking for 210 gold pieces
 54246 | Bazaar   | Bought a scroll of enchant armour for 210 gold pieces
 54246 | Bazaar   | Bought a scroll of identify for 56 gold pieces
 54324 | Vaults:3 | Reached skill level 1 in Earth Magic
 54798 | Vaults:3 | Reached skill level 5 in Earth Magic
 56151 | Vaults:3 | Reached skill level 10 in Earth Magic
 56153 | Vaults:3 | Reached XP level 20. HP: 117/117 MP: 36/45
 59864 | Depths:1 | Entered Level 1 of the Depths
 59874 | Depths:1 | Reached skill level 15 in Earth Magic
 60357 | Depths:1 | Reached XP level 21. HP: 121/121 MP: 46/46
 60364 | Depths:1 | Found a viscous altar of Jiyva.
 60679 | Depths:1 | Identified a +2 pair of boots of running (You found it on level 1 of the Depths)
 61380 | Depths:1 | Found a gateway to Hell.
 61745 | Depths:2 | Found a shattered altar of Ashenzari.
 61995 | Depths:2 | Found a gateway to a ziggurat.
 62372 | Depths:2 | Found Lutu's Weapon Shoppe.
 62372 | Depths:2 | Found Uciqienn's Gadget Emporium.
 63347 | Depths:2 | Noticed Bai Suzhen
 63348 | Depths:2 | Killed Bai Suzhen
 63866 | Depths:3 | Noticed Boris
 63867 | Depths:3 | Killed Boris
 63871 | Depths:3 | Noticed Margery
 64012 | Depths:3 | Killed Margery
 64025 | Depths:3 | Reached XP level 22. HP: 127/127 MP: 14/48
 64922 | Depths:3 | Reached skill level 10 in Fighting
 65915 | Depths:3 | Found an ancient bone altar of Kikubaaqudgha.
 66127 | Depths:3 | Found a one-way gate to the infinite horrors of the Abyss.
 66314 | Depths:3 | Reached skill level 16 in Dodging
 66624 | Depths:3 | Gained mutation: You have a pair of small horns on your head. [potion of beneficial mutation]
 66980 | Depths:3 | Found The Legendary Sunitesi's Legendary Smithy.
 67003 | Depths:3 | Found Veacvuh's Slaves and Accessories.
 67028 | Depths:3 | Found Jack's Jerk-a-riffic Jerky.
 67172 | Depths:3 | Found Xonte's Miraculous Elixirs.
 67772 | Hell     | Entered the Vestibule of Hell
 67772 | Hell     | Noticed Geryon
 67883 | Hell     | Reached skill level 17 in Dodging
 68071 | Depths:4 | Reached XP level 23. HP: 136/136 MP: 46/49
 68132 | Depths:4 | Reached skill level 18 in Dodging
 68480 | Depths:4 | Found Nynec's Magic Scroll Emporium.
 68488 | Depths:4 | Bought a scroll of teleportation for 42 gold pieces
 69212 | Depths:4 | Found a glowing golden altar of the Shining One.
 69346 | Depths:5 | Entered Level 5 of the Depths
 69445 | Depths:5 | Noticed Louise
 69452 | Depths:5 | Killed Louise
 69660 | Depths:5 | Noticed Mennas
 69661 | Depths:5 | Killed Mennas
 69661 | Depths:5 | Reached skill level 19 in Dodging
 69907 | Depths:5 | Noticed a caustic shrike
 69909 | Depths:5 | Killed a caustic shrike
 69910 | Depths:5 | Noticed a caustic shrike
 69910 | Depths:5 | Noticed a caustic shrike
 69911 | Depths:5 | Killed a caustic shrike
 69911 | Depths:5 | Killed a caustic shrike
 69913 | Depths:5 | Noticed a caustic shrike
 69915 | Depths:5 | Killed a caustic shrike
 70482 | Depths:5 | Found a gate to the Realm of Zot.
 71420 | Orc:2    | Bought a book of Annihilations for 1324 gold pieces
 71429 | Orc:2    | Learned a level 8 spell: Lehudib's Crystal Spear
 71781 | Vaults:5 | Entered Level 5 of the Vaults
 71782 | Vaults:5 | Reached skill level 20 in Dodging
 71783 | Vaults:5 | Reached XP level 24. HP: 148/148 MP: 49/49
 72116 | Vaults:5 | Reached skill level 21 in Dodging
 72123 | Vaults:4 | Reached skill level 15 in Fighting
 73209 | Vaults:5 | Reached skill level 22 in Dodging
 73390 | Vaults:5 | Found Pise's Magic Scroll Boutique.
 73400 | Vaults:5 | Bought a scroll of teleportation for 54 gold pieces
 73400 | Vaults:5 | Bought a scroll of teleportation for 54 gold pieces
 73785 | Vaults:5 | Got a silver rune of Zot
 73883 | Vaults:5 | Got a vibrating steel amulet
 74025 | Vaults:5 | Found Apraj's Distillery.
 74029 | Vaults:5 | Found Ifagasuz's Distillery.
 74030 | Vaults:5 | Bought a potion of curing for 63 gold pieces
 74030 | Vaults:5 | Bought a potion of curing for 63 gold pieces
 74030 | Vaults:5 | Bought a potion of curing for 63 gold pieces
 74030 | Vaults:5 | Bought a potion of curing for 63 gold pieces
 74030 | Vaults:5 | Bought a potion of haste for 210 gold pieces
 74037 | Vaults:5 | Bought a potion of cure mutation for 325 gold pieces
 74037 | Vaults:5 | Bought a potion of cure mutation for 325 gold pieces
 74037 | Vaults:5 | Bought a potion of heal wounds for 65 gold pieces
 74037 | Vaults:5 | Bought a potion of curing for 39 gold pieces
 74037 | Vaults:5 | Bought a potion of curing for 39 gold pieces
 74037 | Vaults:5 | Bought a potion of haste for 130 gold pieces
 74037 | Vaults:5 | Bought a potion of resistance for 130 gold pieces
 74615 | Zot:1    | Entered Level 1 of the Realm of Zot
 74765 | Zot:1    | Reached XP level 25. HP: 157/157 MP: 27/49
 75344 | Zot:1    | Learned a level 9 spell: Glaciate
 75348 | Zot:1    | Reached skill level 1 in Ice Magic
 75374 | Zot:1    | Reached skill level 5 in Ice Magic
 75630 | Zot:1    | Reached skill level 10 in Ice Magic
 76395 | Zot:2    | Killed from afar by a purple draconian monk

Vault maps used:
D:1:      dpeg_arrival_lava_altar, amethyst_killhole
D:2:      makhleb_grotto_becter, tso_oasis_becter
D:3:      nemelex_xobeh_ov_fountains_minmay, lemuel_doored_altar,
          roderic_roman_lattice
D:4:      minitemple, first_bread, okawaru_ov_weapons_minmay
D:5:      lemuel_crystal_altar, serial_shops, kennysheep_mini, shop,
          nicolae_shop_statue_plus, nicolae_shop_temple_entry_statues_fountains,
          shop, uniq_eustachio
D:6:      vehumet_altar_wand_db, serial_curves, eino_curves_03, eino_curves_03,
          eino_curves_02, eino_curves_03, minmay_guarded_unrand_staff_of_olgreb
D:7:      nicolae_overflow_crystal_walls, serial_shops,
          nicolae_shop_temple_entry_statues_fountains, due_unseen_surprise
D:8:      enter_bailey_2, uniq_erica
D:9:      kiku_gazebo_pond_becter, erik_lair_dragon
D:10:     eino_small_chamber_without_monster
D:11:     orc_0_dummy, portal_ice_cave_entry_ice_beasts
D:12:     cheibrodos_lost_city_excavation, serial_shops, shop, hangedman_ranch,
          minmay_curled_crystal, grunt_decor_arrowhead, uniq_maurice
D:14:     erik_vaults_2, abandoned_shop
D:15:     hangedman_depths_entry_civil_slaughter, uniq_urug, uniq_rupert,
          uniq_sonja
Temple:   corrupted_temple
Lair:2:   minmay_another_anthill, lemuel_fruit_tree, serial_bayou_shore_b,
          uniq_fannar
Lair:3:   spider_nest_entry_funnel_web, lemuel_fruit_fields
Lair:4:   lemuel_slime, minmay_swamp_entry_worms
Lair:5:   serial_bayou_ford_a, minmay_holes, st_stairs_5,
          infiniplex_staircase_pool
Lair:6:   gammafunk_lair_ancient_temple, slime_dummy, pond
Swamp:1:  hangedman_swamp_lotus, uniq_aizul, uniq_donald
Swamp:2:  evilmike_swamp_ruin_house_1, swamp_pool5, infiniplex_staircase_pool_2
Swamp:3:  hangedman_swamp_ruin_wall
Swamp:4:  swamp
Spider:2: spider_trap
Spider:3: nicolae_orb_stairs_large, spiders_nest_ghost_moth_duel, uniq_nikola
Spider:4: grunt_spider_rune_island
Orc:1:    serial_shops, shop, uniq_snorg
Orc:2:    pf_orc_diabolical, serial_shops, shop, mines5_lemuel
Vaults:1: vaults_room_fours, grunt_vaults_hallway_long,
          nicolae_vaults_ninety_degrees, nicolae_vaults_back_hallway,
          vaults_room_hangedman_quadrants, vaults_room_door_ring,
          vaults_dpeg_diagonal, v_misc_30
Vaults:2: vaults_standard_mumra_lines, minmay_crypt_entry_simple_statues,
          nicolae_vaults_ring_of_whatevers, nicolae_vaults_network_square,
          ontoclasm_vaults_shuriken, nicolae_vaults_circle_grid_b,
          ontoclasm_vaults_gateway, vaults_mumra_minichess, serial_shops,
          nicolae_shop_statue_plus
Vaults:3: hangedman_vaults_trim, nicolae_vaults_circle_grid_a,
          grunt_vaults_twisty, nicolae_vaults_octagons, ontoclasm_vaults_bender,
          nicolae_vaults_twisting_passages,
          vaults_standard_mumra_enter_the_diamond, v_pattern_2,
          vaults_room_boxed, vaults_room_ringed_pool, grunt_vaults_focal,
          nicolae_vaults_little_squares_3, vaults_dpeg_hooks, vaults_room_pools,
          vaults_room_pools, enter_trove_1, serial_shops, bzr_entry_gold,
          uniq_boris
Vaults:4: hangedman_vaults_nails, v_misc_18, nicolae_vaults_alarming, v_rooms_5,
          v_pattern_5, nicolae_vaults_network_quincunx,
          grunt_vaults_hallway_long, grunt_vaults_bifocal,
          hangedman_vaults_corner_blocks, ontoclasm_vaults_decontamination,
          st_more_cells, vaults_room_stairs_pillars
Depths:1: lightli_too_deep, special_room, hangedman_abyss_or_decor_passed,
          pan_entry, kennysheep_generic_room_3, grunt_megastairs_3
Depths:2: grunt_double_whammy, enter_ziggurat_c, nicolae_ashenzari_panopticon,
          pf_vacation_house_of_asmodeus, infiniplex_staircase_hallway_doors,
          minmay_shoptagon, uniq_bai_suzhen
Depths:3: grated_community_mu, pf_coc_iceberg, rand_demon_pan_entry_1,
          abyss_entry, infiniplex_staircase_pillars_3b, serial_bayou_shore_b,
          uniq_margery, uniq_boris
Depths:4: abrahamwl_protected_by_tso_2, hellmouth_1, serial_shops, shop,
          abyss_entry, minmay_misc_feat_columns, serial_bayou_shore_b,
          infiniplex_staircase_star
Depths:5: grunt_crosshair, nicolae_abyss_entry_one_way_or_another, hell_entry,
          uniq_mennas
Zot:1:    grunt_deathspiral_small
Zot:2:    circus_mu, guppyfry_library_mini
Bazaar:   bazaar_minmay_snake

Skill      XL: |  1  2  3  4  5  6  7  8  9 10 11 12 13 14 15 16 17 18 19 20 21 22 23 24 25 |
---------------+----------------------------------------------------------------------------+-----
Conjurations   | 2 3 4 5 6 7 9 10 11 12 14 16 17 19 20 | 20.0
Spellcasting   | 4 5 6 7 9 10 11 13 14 15 16 18 19 20 | 20.5
Fire Magic     | 4 5 6 7 9 10 11 12 14 16 17 18 20 | 20.0
Dodging        | 5 8 11 13 14 15 17 20 22 | 22.1
Fighting       | 3 5 7 8 9 12 14 16 | 16.0
Shields        | 4 |  4.3
Earth Magic    | 10 16 19 20 | 20.5
Ice Magic      | 11 | 11.6
Stealth        | |  2.4

Action                   |  1- 3 |  4- 6 |  7- 9 | 10-12 | 13-15 | 16-18 | 19-21 | 22-24 | 25-27 || total
-------------------------+-------+-------+-------+-------+-------+-------+-------+-------+-------++-------
Melee: Dagger            |     3 |    11 |    35 |       |       |       |       |       |       ||    49
       Staff             |       |       |     7 |    43 |    76 |    38 |    11 |     1 |       ||   176
 Cast: Flame Tongue      |    81 |   103 |   247 |   511 |   744 |   678 |   164 |    99 |     5 ||  2632
       Sticky Flame      |       |     6 |    28 |    79 |    87 |    49 |    11 |     3 |       ||   263
       Conjure Flame     |       |     1 |     1 |     2 |     1 |       |       |       |       ||     5
       Magic Dart        |       |       |       |    53 |    51 |   141 |    26 |    29 |       ||   300
       Fireball          |       |       |       |    23 |    85 |    65 |    47 |    35 |     2 ||   257
       Iskenderun's Batt |       |       |       |    33 |   185 |   170 |    64 |    50 |     2 ||   504
       Repel Missiles    |       |       |       |       |     1 |     1 |     2 |     6 |     1 ||    11
       Bolt of Fire      |       |       |       |       |    29 |   122 |   174 |   131 |    27 ||   483
       Orb of Destructio |       |       |       |       |     7 |    27 |    80 |    50 |       ||   164
       Blink             |       |       |       |       |     1 |    23 |     5 |     2 |     1 ||    32
       Fire Storm        |       |       |       |       |       |    16 |    50 |    39 |    12 ||   117
       Shatter           |       |       |       |       |       |       |     3 |    67 |     3 ||    73
       Lehudib's Crystal |       |       |       |       |       |       |       |    11 |    20 ||    31
Evoke: Wand              |       |       |       |     1 |     4 |       |     2 |       |       ||     7
       Staff of Olgreb   |       |       |       |       |     1 |     1 |       |       |       ||     2
  Use: Potion            |       |     1 |     3 |     4 |       |     4 |     2 |     1 |       ||    15
       Scroll            |       |       |    13 |    13 |    14 |    11 |     8 |     3 |     4 ||    66
 Stab: Sleeping          |     1 |       |       |       |       |       |       |       |       ||     1
       Distracted        |       |     1 |       |       |       |       |       |       |       ||     1
       Confused          |       |       |       |       |       |     1 |       |       |       ||     1
  Eat: Chunk             |     2 |     7 |    10 |    35 |    70 |    49 |    52 |    30 |    10 ||   265
       Meat ration       |       |     1 |       |       |       |       |       |     4 |       ||     5
       Royal jelly       |       |       |     1 |     1 |     1 |       |     2 |     1 |       ||     6
       Pizza             |       |       |     1 |       |     1 |    10 |       |     6 |       ||    18
       Fruit             |       |       |       |     3 |       |     1 |     4 |     5 |     2 ||    15
       Beef jerky        |       |       |       |       |     2 |     4 |     3 |     4 |       ||    13
Armor: Robe              |     6 |     4 |    30 |    38 |    55 |   145 |    19 |    23 |     3 ||   323
       Skin              |       |       |       |    13 |       |       |       |       |       ||    13
Dodge: Dodged            |    28 |    29 |   103 |   196 |   342 |   545 |   116 |   165 |    43 ||  1567
       Deflected         |       |       |       |       |     4 |     5 |    18 |    24 |     2 ||    53
Block: Buckler           |       |       |       |    15 |   134 |   178 |    32 |    54 |     7 ||   420
